TOP OF THE 1ST |
Bowling Green Hot Rods batting - Pitching for Beloit Snappers : RHP Andrew Douglas
|
Pitching: RHP Andrew Douglas
|
|
Batting: RHB Jonathan Fraire
|
0-0: DOUBLE (Groundball, 5L, EV 106.9 MPH)
|
Batting: LHB Mario Ocana
|
0-0: Ground out 6-3 (Groundball, 6, EV 86.9 MPH) Jonathan Fraire to third
|
Batting: RHB Adam Kaeser
|
0-0: Ball 1-0: Ball 2-0: Called Strike 2-1: Swinging Strike 2-2: Ground out U3 (Groundball, 34S, EV 69.4 MPH) Jonathan Fraire scores
|
Batting: RHB David Ward
|
0-0: Called Strike 0-1: Swinging Strike 0-2: Fly out, F8 (Flyball, 8RD, EV 108.1 MPH)
|
Top of the 1st over - 1 run, 1 hit, 0 errors, 0 left on base; Bowling Green 1 - Beloit 0 |
BOTTOM OF THE 1ST |
Beloit Snappers batting - Pitching for Bowling Green Hot Rods : RHP Eric Smith
|
Pitching: RHP Eric Smith
|
|
Batting: RHB Dan Boylan
|
0-0: Ball 1-0: Ball 2-0: Foul Ball, location: 2F 2-1: Called Strike 2-2: Foul Ball, location: 2F 2-2: Ball 3-2: SINGLE (Groundball, 4MD, EV 97.5 MPH)
|
Batting: RHB Scott Wiggs
|
0-0: Ball 1-0: Ball 2-0: Called Strike Dan Boylan is caught stealing 2nd base 2-4 2-1: Ball 3-1: Foul Ball, location: 2F 3-2: Foul Ball, location: 2F 3-2: Strikes out swinging
|
Batting: SHB D.J. Codd
|
0-0: Ball 1-0: Ball 2-0: Called Strike 2-1: Ball 3-1: Base on Balls
|
Batting: RHB Diwan Abdul-Salam
|
0-0: Ball 1-0: Fly out, F6 (Popup, 56D, EV 55.6 MPH)
|
Bottom of the 1st over - 0 runs, 1 hit, 0 errors, 1 left on base; Bowling Green 1 - Beloit 0 |
TOP OF THE 2ND |
Bowling Green Hot Rods batting - Pitching for Beloit Snappers : RHP Andrew Douglas
|
Batting: LHB Jimmy Detrie
|
0-0: Ball 1-0: Called Strike 1-1: Ball 2-1: Foul Ball, location: 2F 2-2: Ball 3-2: SINGLE (Line Drive, 34, EV 101.3 MPH)
|
Batting: SHB Julio Hernandez
|
0-0: Ball 1-0: TRIPLE (Flyball, 89XD, EV 101.9 MPH) Jimmy Detrie scores
|
Batting: RHB Kevin Benfield
|
0-0: Ball 1-0: Foul Ball, location: 2F 1-1: Swinging Strike 1-2: 2-RUN HOME RUN (Flyball, 78XD, EV 105.0 MPH), Distance : 395 ft
|
Batting: RHB Eric Waugaman
|
0-0: Ball 1-0: Ball 2-0: Swinging Strike 2-1: Ball 3-1: Foul Ball, location: 2F 3-2: Strikes out swinging
|
Batting: RHB Evan Chalarian
|
0-0: Ball 1-0: Ball 2-0: Called Strike 2-1: Called Strike 2-2: Strikes out swinging
|
Batting: RHB Jonathan Fraire
|
0-0: Called Strike 0-1: Foul Ball, location: 2F 0-2: Foul Ball, location: 2F 0-2: Ball 1-2: Strikes out swinging, 2-3 out at first.
|
Top of the 2nd over - 3 runs, 3 hits, 0 errors, 0 left on base; Bowling Green 4 - Beloit 0 |
BOTTOM OF THE 2ND |
Beloit Snappers batting - Pitching for Bowling Green Hot Rods : RHP Eric Smith
|
Batting: RHB Manny Vizzerra
|
0-0: Ground out 5-3 (Groundball, 56, EV 101.9 MPH)
|
Batting: RHB Rick Linders
|
0-0: Called Strike 0-1: Swinging Strike 0-2: Foul Ball, location: 2F 0-2: Ball 1-2: Foul Ball, location: 2F 1-2: Strikes out swinging
|
Batting: RHB Travis Lanctot
|
0-0: Foul Ball, location: 2F 0-1: Foul Ball, location: 2F 0-2: Fly out, F5 (Popup, 5SF, EV 67.5 MPH)
|
Bottom of the 2nd over - 0 runs, 0 hits, 0 errors, 0 left on base; Bowling Green 4 - Beloit 0 |
TOP OF THE 3RD |
Bowling Green Hot Rods batting - Pitching for Beloit Snappers : RHP Andrew Douglas
|
Batting: LHB Mario Ocana
|
0-0: Called Strike 0-1: Swinging Strike 0-2: Ball 1-2: Ball 2-2: Foul Ball, location: 2F 2-2: SINGLE (Line Drive, 8LS, EV 101.9 MPH)
|
Batting: RHB Adam Kaeser
|
0-0: Ball Passed Ball! Mario Ocana to second 1-0: Ground out 6-3 (Groundball, 6, EV 93.8 MPH)
|
Batting: RHB David Ward
|
0-0: Called Strike 0-1: Ball 1-1: SINGLE (Line Drive, 6D, EV 110.0 MPH) Mario Ocana to third
|
Batting: LHB Jimmy Detrie
|
0-0: Foul Ball, location: 2F 0-1: Ball 1-1: Ball Passed Ball! Mario Ocana scores David Ward to second 2-1: Called Strike 2-2: Ball 3-2: Ground out 4-3 (Groundball, 34, EV 103.8 MPH) David Ward to third
|
Batting: SHB Julio Hernandez
|
0-0: Ball 1-0: Ball 2-0: Called Strike 2-1: SINGLE (Groundball, 34D, EV 99.4 MPH) David Ward scores
|
Pitching: RHP C.J. Ledger
|
|
Batting: RHB Kevin Benfield
|
0-0: Ball Julio Hernandez steals 2nd base 1-0: Foul Ball, location: 2F 1-1: Foul Ball, location: 2F 1-2: Strikes out swinging
|
Top of the 3rd over - 2 runs, 3 hits, 0 errors, 1 left on base; Bowling Green 6 - Beloit 0 |
BOTTOM OF THE 3RD |
Beloit Snappers batting - Pitching for Bowling Green Hot Rods : RHP Eric Smith
|
Batting: LHB Raita Inouye
|
0-0: Swinging Strike 0-1: SINGLE (Line Drive, 8LM, EV 98.8 MPH)
|
Batting: RHB Brian Rathbun
|
0-0: Called Strike 0-1: Foul Ball, location: 2F 0-2: Ball 1-2: Foul Ball, location: 2F 1-2: Strikes out swinging
|
Batting: RHB Dan Boylan
|
0-0: Ball Wild Pitch! Raita Inouye to second 1-0: Called Strike 1-1: Foul Ball, location: 2F 1-2: Ground out 5-3 (Groundball, 5L, EV 88.8 MPH)
|
Batting: RHB Scott Wiggs
|
0-0: Called Strike 0-1: Swinging Strike 0-2: Strikes out swinging
|
Bottom of the 3rd over - 0 runs, 1 hit, 0 errors, 1 left on base; Bowling Green 6 - Beloit 0 |
TOP OF THE 4TH |
Bowling Green Hot Rods batting - Pitching for Beloit Snappers : RHP C.J. Ledger
|
Batting: RHB Eric Waugaman
|
0-0: Swinging Strike 0-1: Ball 1-1: Swinging Strike 1-2: Foul Ball, location: 2F 1-2: Fly out, F4 (Flyball, 34D, EV 98.1 MPH)
|
Batting: RHB Evan Chalarian
|
0-0: Called Strike 0-1: Ball 1-1: Called Strike 1-2: Strikes out swinging
|
Batting: RHB Jonathan Fraire
|
0-0: SINGLE (Groundball, 6D, EV 98.1 MPH)
|
Batting: LHB Mario Ocana
|
0-0: Called Strike 0-1: Ball 1-1: Ball 2-1: SINGLE (Groundball, 5S, EV 76.9 MPH) (infield hit) Jonathan Fraire to second
|
Batting: RHB Adam Kaeser
|
0-0: Swinging Strike 0-1: Ball 1-1: Ball 2-1: Fly out, F5 (Line Drive, 5, EV 65.0 MPH)
|
Top of the 4th over - 0 runs, 2 hits, 0 errors, 2 left on base; Bowling Green 6 - Beloit 0 |
BOTTOM OF THE 4TH |
Beloit Snappers batting - Pitching for Bowling Green Hot Rods : RHP Eric Smith
|
Batting: SHB D.J. Codd
|
0-0: Swinging Strike 0-1: SINGLE (Flyball, 56D, EV 93.1 MPH)
|
Batting: RHB Diwan Abdul-Salam
|
0-0: Foul Ball, location: 2F 0-1: DOUBLE (Flyball, 8RXD, EV 102.5 MPH) D.J. Codd to third
|
Batting: RHB Manny Vizzerra
|
0-0: Ball 1-0: Ground out 6-3 (Groundball, 56, EV 96.3 MPH) D.J. Codd scores
|
Batting: RHB Rick Linders
|
0-0: Called Strike 0-1: Foul Ball, location: 2F 0-2: Ball 1-2: Strikes out swinging
|
Batting: RHB Travis Lanctot
|
0-0: Ball 1-0: Foul Ball, location: 2F 1-1: Swinging Strike 1-2: Foul Ball, location: 2F 1-2: Strikes out swinging
|
Bottom of the 4th over - 1 run, 2 hits, 0 errors, 1 left on base; Bowling Green 6 - Beloit 1 |
TOP OF THE 5TH |
Bowling Green Hot Rods batting - Pitching for Beloit Snappers : RHP C.J. Ledger
|
Batting: RHB David Ward
|
0-0: Ground out 5-3 (Groundball, 5S, EV 80.6 MPH)
|
Batting: LHB Jimmy Detrie
|
0-0: Ball 1-0: Foul Ball, location: 2F 1-1: Ball 2-1: Ball 3-1: Ground out 5-3 (Groundball, 56, EV 99.4 MPH)
|
Batting: SHB Julio Hernandez
|
0-0: Ball 1-0: Ball 2-0: Called Strike 2-1: Foul Ball, location: 2F 2-2: Ball 3-2: Fly out, F5 (Flyball, 5D, EV 88.1 MPH)
|
Top of the 5th over - 0 runs, 0 hits, 0 errors, 0 left on base; Bowling Green 6 - Beloit 1 |
BOTTOM OF THE 5TH |
Beloit Snappers batting - Pitching for Bowling Green Hot Rods : RHP Eric Smith
|
Batting: LHB Raita Inouye
|
0-0: Swinging Strike 0-1: Ball 1-1: Called Strike 1-2: Ground out 4-3 (Groundball, 4, EV 109.4 MPH)
|
Batting: RHB Brian Rathbun
|
0-0: Ball 1-0: Ball 2-0: Ball 3-0: Base on Balls
|
Batting: RHB Dan Boylan
|
0-0: Ball 1-0: SINGLE (Groundball, 6D, EV 101.3 MPH) Brian Rathbun to second
|
Batting: RHB Scott Wiggs
|
0-0: Ball 1-0: Ball 2-0: Called Strike 2-1: Ball 3-1: Base on Balls Brian Rathbun to third Dan Boylan to second
|
Pitching: RHP Suezo Nagai
|
|
Batting: SHB D.J. Codd
|
0-0: Foul Ball, location: 2F 0-1: Fly out, F3 (Line Drive, 3, EV 71.3 MPH) Lined into DP, 3-5 (Line Drive, 3, EV 66.3 MPH)
|
Bottom of the 5th over - 0 runs, 1 hit, 0 errors, 2 left on base; Bowling Green 6 - Beloit 1 |
TOP OF THE 6TH |
Bowling Green Hot Rods batting - Pitching for Beloit Snappers : RHP C.J. Ledger
|
Batting: RHB Kevin Benfield
|
0-0: Ball 1-0: Swinging Strike 1-1: Foul Ball, location: 2F 1-2: Strikes out swinging
|
Batting: RHB Eric Waugaman
|
0-0: Called Strike 0-1: Foul Ball, location: 2F 0-2: Foul Ball, location: 2F 0-2: Ball 1-2: Strikes out swinging
|
Batting: RHB Evan Chalarian
|
0-0: SINGLE (Line Drive, 8RS, EV 110.6 MPH)
|
Pitching: LHP Jimmy Ford
|
|
Batting: RHB Jonathan Fraire
|
0-0: Called Strike 0-1: Swinging Strike 0-2: Ball 1-2: Foul Ball, location: 2F 1-2: Ball 2-2: DOUBLE (Line Drive, 8LD, EV 106.9 MPH) Evan Chalarian to third Runner from 3rd tries for Home, SAFE, no throw by CF
|
Batting: LHB Mario Ocana
|
0-0: Called Strike 0-1: Ball 1-1: Foul Ball, location: 2F 1-2: Ball 2-2: Strikes out looking
|
Top of the 6th over - 1 run, 2 hits, 0 errors, 1 left on base; Bowling Green 7 - Beloit 1 |
BOTTOM OF THE 6TH |
Beloit Snappers batting - Pitching for Bowling Green Hot Rods : RHP Suezo Nagai
|
Batting: RHB Diwan Abdul-Salam
|
0-0: Called Strike 0-1: Foul Ball, location: 2F 0-2: Strikes out looking
|
Batting: RHB Manny Vizzerra
|
0-0: Ball 1-0: Fly out, F7 (Flyball, 78M, EV 95.0 MPH)
|
Batting: RHB Rick Linders
|
0-0: Called Strike 0-1: Called Strike 0-2: Ball 1-2: Foul Ball, location: 2F 1-2: Foul Ball, location: 2F 1-2: Fly out, F8 (Flyball, 89D, EV 105.0 MPH)
|
Bottom of the 6th over - 0 runs, 0 hits, 0 errors, 0 left on base; Bowling Green 7 - Beloit 1 |
TOP OF THE 7TH |
Bowling Green Hot Rods batting - Pitching for Beloit Snappers : LHP Jimmy Ford
|
Batting: RHB Adam Kaeser
|
0-0: Called Strike 0-1: Swinging Strike 0-2: Ball 1-2: SINGLE (Groundball, 4MD, EV 95.0 MPH)
|
Batting: RHB David Ward
|
0-0: Ball 1-0: Called Strike 1-1: Swinging Strike 1-2: Strikes out swinging
|
Batting: LHB Jimmy Detrie
|
0-0: Ball 1-0: Called Strike 1-1: Fly out, F9 (Line Drive, 9D, EV 93.1 MPH)
|
Batting: SHB Julio Hernandez
|
0-0: Ground out 5-3 (Groundball, 56S, EV 88.1 MPH)
|
Top of the 7th over - 0 runs, 1 hit, 0 errors, 1 left on base; Bowling Green 7 - Beloit 1 |
BOTTOM OF THE 7TH |
Beloit Snappers batting - Pitching for Bowling Green Hot Rods : RHP Suezo Nagai
|
Batting: RHB Travis Lanctot
|
0-0: Ball 1-0: Ball 2-0: Ground out 4-3 (Groundball, 6M, EV 99.4 MPH)
|
Batting: LHB Raita Inouye
|
0-0: Ball 1-0: Ball 2-0: Ball 3-0: Called Strike 3-1: Foul Ball, location: 2F 3-2: Foul Ball, location: 2F 3-2: Foul Ball, location: 2F 3-2: Strikes out swinging
|
Batting: RHB Brian Rathbun
|
0-0: Ball 1-0: Ball 2-0: SINGLE (Groundball, 56D, EV 97.5 MPH)
|
Batting: RHB Dan Boylan
|
0-0: Ball 1-0: Ball Brian Rathbun steals 2nd, throwing error, E2 Brian Rathbun to third 2-0: SINGLE (Groundball, 6MD, EV 99.4 MPH) Brian Rathbun scores
|
Batting: RHB Scott Wiggs
|
0-0: Ball Dan Boylan steals 2nd base 1-0: Called Strike 1-1: Called Strike 1-2: Ball 2-2: Fly out, F8 (Flyball, 8LS, EV 95.0 MPH)
|
Bottom of the 7th over - 1 run, 2 hits, 1 error, 1 left on base; Bowling Green 7 - Beloit 2 |
TOP OF THE 8TH |
Bowling Green Hot Rods batting - Pitching for Beloit Snappers : LHP Jimmy Ford
|
Batting: RHB Kevin Benfield
|
0-0: Called Strike 0-1: Ball 1-1: Ball 2-1: Foul Ball, location: 2F 2-2: Fly out, F7 (Flyball, 7LM, EV 101.9 MPH)
|
Batting: RHB Eric Waugaman
|
0-0: SINGLE (Groundball, 34D, EV 101.9 MPH)
|
Batting: RHB Evan Chalarian
|
0-0: Ball 1-0: Swinging Strike 1-1: Grounds into double play, 6-4-3 (Groundball, 6, EV 87.5 MPH)
|
Top of the 8th over - 0 runs, 1 hit, 0 errors, 0 left on base; Bowling Green 7 - Beloit 2 |
BOTTOM OF THE 8TH |
Beloit Snappers batting - Pitching for Bowling Green Hot Rods : RHP Suezo Nagai
|
Batting: SHB D.J. Codd
|
0-0: Called Strike 0-1: Called Strike 0-2: Foul Ball, location: 2F 0-2: Ball 1-2: Strikes out looking
|
Batting: RHB Diwan Abdul-Salam
|
0-0: Ball 1-0: Called Strike 1-1: Called Strike 1-2: Foul Ball, location: 2F 1-2: Foul Ball, location: 2F 1-2: Strikes out looking
|
Batting: RHB Manny Vizzerra
|
0-0: Called Strike 0-1: Ball 1-1: Ball 2-1: Ball 3-1: SOLO HOME RUN (Flyball, 78XD, EV 114.4 MPH), Distance : 452 ft
|
Batting: RHB Rick Linders
|
0-0: Called Strike 0-1: Ball 1-1: Ball 2-1: SOLO HOME RUN (Flyball, 7D, EV 99.4 MPH), Distance : 352 ft
|
Pitching: LHP Brian Kelly
|
|
Batting: RHB Travis Lanctot
|
0-0: Ball 1-0: Called Strike 1-1: Ball 2-1: SINGLE (Flyball, 3D, EV 86.3 MPH)
|
Batting: LHB Raita Inouye
|
0-0: Called Strike 0-1: Ground out 4-3 (Groundball, 4S, EV 78.8 MPH)
|
Bottom of the 8th over - 2 runs, 3 hits, 0 errors, 1 left on base; Bowling Green 7 - Beloit 4 |
TOP OF THE 9TH |
Bowling Green Hot Rods batting - Pitching for Beloit Snappers : LHP Jimmy Ford
|
Pitching: RHP Jan Cole
|
|
Batting: RHB Jonathan Fraire
|
0-0: Called Strike 0-1: Ball 1-1: Ball 2-1: Ball 3-1: Called Strike 3-2: Foul Ball, location: 2F 3-2: Foul Ball, location: 2F 3-2: Strikes out swinging
|
Batting: LHB Mario Ocana
|
0-0: Called Strike 0-1: Ball 1-1: Foul Ball, location: 2F 1-2: Ball 2-2: Foul Ball, location: 2F 2-2: Ball 3-2: Strikes out swinging
|
Batting: RHB Adam Kaeser
|
0-0: Called Strike 0-1: Ball 1-1: Ball 2-1: Called Strike 2-2: Ground out 6-3 (Groundball, 6S, EV 68.1 MPH)
|
Top of the 9th over - 0 runs, 0 hits, 0 errors, 0 left on base; Bowling Green 7 - Beloit 4 |
BOTTOM OF THE 9TH |
Beloit Snappers batting - Pitching for Bowling Green Hot Rods : LHP Brian Kelly
|
Pitching: RHP Al Speer
|
|
Batting: RHB Brian Rathbun
|
0-0: Ground out U3 (Groundball, 34, EV 82.5 MPH)
|
Batting: RHB Dan Boylan
|
0-0: Ball 1-0: Ball 2-0: Ball 3-0: Base on Balls
|
Batting: RHB Scott Wiggs
|
0-0: Ball 1-0: Fly out, F8 (Line Drive, 8RM, EV 93.8 MPH)
|
Batting: SHB D.J. Codd
|
0-0: Ball 1-0: Ball 2-0: Ball 3-0: Base on Balls Dan Boylan to second
|
Batting: RHB Diwan Abdul-Salam
|
0-0: Foul Ball, location: 2F 0-1: Foul Ball, location: 2F 0-2: Ball 1-2: Ball 2-2: SINGLE (Groundball, 4MD, EV 103.8 MPH) Dan Boylan to third D.J. Codd to second
|
Pinch Hitting: LHB Nick Pacheco
|
0-0: Ball 1-0: Foul Ball, location: 2F 1-1: DOUBLE (Line Drive, 89D, EV 101.3 MPH) Dan Boylan scores D.J. Codd scores Diwan Abdul-Salam to third
|
Pinch Hitting: LHB Tom Raupp
|
0-0: Intentional Walk
|
Pinch Hitting: RHB Moses Brokken
|
0-0: Ball 1-0: Ball 2-0: Fly out, F2 (Popup, 13S, EV 80.0 MPH)
|
Bottom of the 9th over - 2 runs, 2 hits, 0 errors, 3 left on base; Bowling Green 7 - Beloit 6 |
|